 Dungeon Crawl Stone Soup version 0.28-a0-674-gdaf460b524 (webtiles) character file.

Game seed: 154245913602254944

72152 demibob the Fighter (level 15, -6/126 HPs)
             Began as a Gnoll Wanderer on Oct 17, 2021.
             Was the Champion of Qazlal.
             Mangled by a salamander (14 damage)
             ... on level 1 of the Snake Pit.
             The game lasted 01:27:27 (29828 turns).

demibob the Fighter (Gnoll Wanderer)               Turns: 29828, Time: 01:27:28

Health: -6/126     AC: 16    Str: 14    XL:     15   Next: 39%
Magic:  17/38      EV: 15    Int: 18    God:    Qazlal [******]
Gold:   2485       SH: 13    Dex: 12    Spells: 8/34 levels left

rFire   + . .      SeeInvis .   a - +4 war axe
rCold   . . .      Faith    .   (no shield)
rNeg    . . .      Spirit   .   o - +0 acid dragon scales
rPois   .          Reflect  +   d - +0 helmet {Int+3}
rElec   .          Harm     .   Y - +1 cloak
rCorr   +          Rampage  .   K - +1 pair of gloves
Will    +....                   t - +0 pair of boots
Stlth   +.........              f - amulet of reflection
HPRegen 0.31/turn               Z - ring of wizardry
MPRegen 0.26/turn               M - ring of magical power

@: protected from fire, repel missiles
A: fangs 1, strong nose, distributed training
a: Renounce Religion, Upheaval, Elemental Force, Disaster Area


You were on level 1 of the Snake Pit.
You worshipped Qazlal.
Qazlal was exalted by your worship.
You visited 4 branches of the dungeon, and saw 24 of its levels.
You also visited: Sewer, Ossuary, Bailey and Gauntlet.

You collected 2485 gold pieces.


Innate Abilities, Weirdness & Mutations

You have very sharp teeth.
Your uncanny sense of smell can sniff out nearby items.
Your experience applies equally to all skills.


   Skills:
 + Level 14.2 Fighting
 + Level 10.1 Short Blades
 + Level 10.1 Long Blades
 + Level 10.1 Axes
 + Level 10.1 Maces & Flails
 + Level 10.1 Polearms
 + Level 11.0 Staves
 + Level 10.1 Slings
 + Level 10.1 Bows
 + Level 10.1 Crossbows
 + Level 10.4 Throwing
 + Level 10.1 Armour
 + Level 10.4 Dodging
 + Level 10.1 Stealth
 + Level 10.4 Shields
 + Level 10.1 Unarmed Combat
 + Level 10.1 Spellcasting
 + Level 8.4 Conjurations
 + Level 8.4 Hexes
 + Level 8.4 Summonings
 + Level 8.4 Necromancy
 + Level 8.4 Translocations
 + Level 8.4 Transmutations
 + Level 8.4 Fire Magic
 + Level 8.4 Ice Magic
 + Level 8.4 Air Magic
 + Level 8.4 Earth Magic
 + Level 8.4 Poison Magic
 + Level 10.9 Invocations
 + Level 10.1 Evocations


You had 8 spell levels left.
You knew the following spells:

 Your Spells              Type           Power      Damage    Failure   Level
a - Alistair's Intoxicat  Tmut/Pois      26%        N/A       3%          5
e - Airstrike             Air            19%        N/A       1%          4
f - Freezing Cloud        Conj/Ice/Air   19%        6-21      3%          5
g - Summon Guardian Gole  Hex/Summ       39%        N/A       1%          3
i - Swiftness             Air            39%        N/A       1%          3
m - Mephitic Cloud        Conj/Pois/Air  39%        N/A       1%          3
X - Ignite Poison         Fire/Tmut/Pois 39%        N/A       1%          3

Your spell library contained the following spells:

 Spells                   Type           Power      Damage    Failure   Level
 Apportation              Tloc           78%        N/A       1%          1
 Magic Dart               Conj           100%       1d8       1%          1
 Shock                    Conj/Air       100%       1d9       1%          1
 Summon Small Mammal      Summ           100%       N/A       1%          1
 Call Imp                 Summ           39%        N/A       1%          2
 Call Canine Familiar     Summ           39%        N/A       1%          3
 Tukima's Dance           Hex            39%        N/A       1%          3
 Passage of Golubria      Tloc           39%        N/A       1%          4
 Silence                  Hex/Air        19%        N/A       3%          5
 Yara's Violent Unravell  Hex/Tmut       19%        3d9       3%          5
 Invisibility             Hex            19%        N/A       21%         6
 Orb of Destruction       Conj           19%        9d9       69%         7
 Spellforged Servitor     Conj/Summ      19%        N/A       69%         7
 Lehudib's Crystal Spear  Conj/Erth      19%        10d6      100%        8

Inventory:

Hand Weapons
 a - a +4 war axe (weapon)
 k - a +2 shortbow of freezing
Missiles
 j - 4 atropa-tipped darts (quivered)
 m - 354 arrows
 N - 4 throwing nets {=f}
 W - 9 curare-tipped darts {=f}
Armour
 d - a +0 helmet of intelligence (worn)
 o - +0 acid dragon scales (worn)
 t - a +0 pair of boots (worn)
 C - the +1 pair of boots "Tueplo" {rC- Will+ Int+8}
   (You found it in a Gauntlet)

   Int:       It affects your intelligence (+8).
   rC:        It makes you vulnerable to cold.
   Will:      It increases your willpower.
 K - a +1 pair of gloves (worn)
 Q - a +1 helmet of see invisible
 Y - a +1 cloak (worn)
Magical Staves
 b - a staff of conjuration {!a}
 l - a staff of fire {!a}
 D - a staff of cold {!a}
Jewellery
 f - an amulet of reflection (around neck)
 v - a ring of see invisible
 x - an amulet of regeneration
 E - a +4 ring of evasion
 M - a ring of magical power (right hand)
 Z - a ring of wizardry (left hand)
Wands
 i - a wand of acid (18)
 q - a wand of iceblast (33)
 A - a wand of flame (101)
 B - a wand of polymorph (7)
 I - a wand of mindburst (12)
 O - a wand of charming (16)
 U - a wand of paralysis (18)
 X - a wand of digging (2)
Scrolls
 h - 6 scrolls of enchant armour
 s - 16 scrolls of teleportation {@r2}
 y - 4 scrolls of amnesia
 F - 2 scrolls of holy word
 H - 2 scrolls of enchant weapon
 T - 10 scrolls of identify {@r1}
Potions
 c - 5 potions of curing {@q1}
 e - 3 potions of cancellation
 g - 3 potions of flight
 n - 2 potions of brilliance
 p - 2 potions of invisibility
 r - 2 potions of lignification
 u - 3 potions of resistance
 w - 2 potions of mutation
 J - 4 potions of ambrosia
 L - 3 potions of attraction
 P - a potion of might
 R - a potion of berserk rage {!q}
 V - 2 potions of magic
Miscellaneous
 z - a box of beasts

Dungeon Overview and Level Annotations

Branches:
Dungeon (15/15)            Temple (0/1) D:5            Lair (6/6) D:9
 Shoals (0/4) Lair:3        Snake (1/4) Lair:2          Orc (2/2) D:11
    Elf (0/3) Orc:2        Vaults (0/5) D:13          Sewer (visited)
Ossuary (visited)          Bailey (visited)         Gauntlet (visited)
  Slime: Lair:5-6    Depths: D:15

Altars:
Dithmenos
Qazlal
The Shining One

Shops:
Orc:2 [?((

Annotations:
D:2 1 runed translucent door, Crazy Yiuf

###.#.....#..
............#
#§§.......S#
#.........#
#.......≈.#
.###.$.§N°...#
......§NNS...#
#§§§§§N...#
#§§§@S§§..#
#○≈≈☼.§§..#
#.☼≈≈§☼.≈.#
#...≈☼§.≈.#
##.§.....##
##.....##
#######


You could see 2 naga warriors, a salamander (strong), a mana viper (frozen), a
guardian serpent, a black mamba (slow) and a naga (strong).


Message History

The blast of ice hits the naga warrior!!
The naga warrior is heavily wounded.
The naga warrior is flash-frozen.
The black mamba is engulfed in freezing vapours.
You kill the black mamba!
Qazlal accepts your kill.
The black mamba is engulfed in freezing vapours.
The black mamba seems to slow down.
You kill the black mamba!
Qazlal accepts your kill.
The guardian serpent is engulfed in freezing vapours.
You block the guardian serpent's attack.
The black mamba bites you.
* * * LOW HITPOINT WARNING * * *
The naga warrior is engulfed in freezing vapours.
The naga warrior closely misses you. The naga warrior constricts you.
* * * LOW HITPOINT WARNING * * *
The naga warrior is engulfed in freezing vapours.
The naga warrior hits you but does no damage.
The guardian serpent is engulfed in freezing vapours.
The guardian serpent hits you but does no damage.
You escape the naga warrior's grasp.
You hear an angry hiss.
The black mamba is no longer encased in ice.
The salamander hits you from afar with a +2 halberd of freezing!!
* * * LOW HITPOINT WARNING * * *
You are engulfed in flames!
Your resistance to cold fades away.
You feel protected from fire.
You die...

Skill      XL: |  1  2  3  4  5  6  7  8  9 10 11 12 13 14 15 |
---------------+----------------------------------------------+-----
Fighting       | 11 12 13 14 | 14.2
Invocations    | 1 2 3 4 5 6 7 8 9 10 | 10.9
Short Blades   | 1 2 3 4 5 6 7 8 9 10 | 10.1
Long Blades    | 1 2 3 4 5 6 7 8 9 10 | 10.1
Axes           | 1 2 3 4 5 6 7 8 9 10 | 10.1
Maces & Flails | 1 2 3 4 5 6 7 8 9 10 | 10.1
Polearms       | 1 2 3 4 5 6 7 8 9 10 | 10.1
Slings         | 1 2 3 4 5 6 7 8 9 10 | 10.1
Bows           | 1 2 3 4 5 6 7 8 9 10 | 10.1
Crossbows      | 1 2 3 4 5 6 7 8 9 10 | 10.1
Armour         | 1 2 3 4 5 6 7 8 9 10 | 10.1
Stealth        | 1 2 3 4 5 6 7 8 9 10 | 10.1
Unarmed Combat | 1 2 3 4 5 6 7 8 9 10 | 10.1
Spellcasting   | 1 2 3 4 5 6 7 8 9 10 | 10.1
Evocations     | 1 2 3 4 5 6 7 8 9 10 | 10.1
Conjurations   | 1 2 3 4 5 6 7 8 |  8.4
Hexes          | 1 2 3 4 5 6 7 8 |  8.4
Summonings     | 1 2 3 4 5 6 7 8 |  8.4
Necromancy     | 1 2 3 4 5 6 7 8 |  8.4
Translocations | 1 2 3 4 5 6 7 8 |  8.4
Transmutations | 1 2 3 4 5 6 7 8 |  8.4
Fire Magic     | 1 2 3 4 5 6 7 8 |  8.4
Ice Magic      | 1 2 3 4 5 6 7 8 |  8.4
Air Magic      | 1 2 3 4 5 6 7 8 |  8.4
Earth Magic    | 1 2 3 4 5 6 7 8 |  8.4
Poison Magic   | 1 2 3 4 5 6 7 8 |  8.4
Throwing       | 3 4 5 6 7 8 9 10 | 10.4
Dodging        | 3 4 5 6 7 8 9 10 | 10.4
Shields        | 3 4 5 6 7 8 9 10 | 10.4
Staves         | 5 6 7 8 9 10 11 | 11.0

Action                   |  1- 3 |  4- 6 |  7- 9 | 10-12 | 13-15 || total
-------------------------+-------+-------+-------+-------+-------++-------
Melee: Quarterstaff      |    85 |    71 |   385 |       |     6 ||   547
       Bite              |     4 |     9 |    32 |    37 |    41 ||   123
       War axe           |       |       |    29 |   308 |   368 ||   705
       Punch             |       |       |     1 |     8 |    19 ||    28
       Staff             |       |       |       |       |    15 ||    15
Throw: Dart              |       |    23 |     6 |     3 |     1 ||    33
 Cast: Mephitic Cloud    |       |       |    23 |    56 |     3 ||    82
       Ignite Poison     |       |       |    14 |    32 |     1 ||    47
       Summon Guardian G |       |       |     3 |     8 |     1 ||    12
       Freezing Cloud    |       |       |       |    21 |   246 ||   267
       Swiftness         |       |       |       |       |     4 ||     4
       Airstrike         |       |       |       |       |     4 ||     4
       Alistair's Intoxi |       |       |       |       |     1 ||     1
Invok: Disaster Area     |       |       |       |       |     1 ||     1
Evoke: Wand              |       |       |       |       |     4 ||     4
  Use: Scroll            |     3 |       |    12 |    12 |     5 ||    32
       Potion            |       |       |     3 |     1 |     5 ||     9
 Stab: Confused          |       |       |     2 |    13 |       ||    15
Armor: Robe              |    12 |     9 |    68 |    74 |    42 ||   205
       Acid dragon scale |       |       |       |       |    85 ||    85
Dodge: Dodged            |    50 |    28 |   147 |   163 |   302 ||   690
       Repelled          |       |       |     1 |     8 |     5 ||    14
Block: Other             |    20 |    27 |   175 |   215 |   372 ||   809
       Reflection        |       |     2 |     3 |    13 |    71 ||    89

Levels and vault maps discovered:
D:1:      dpeg_arrival_boxes_within_box, layout_basic,
          chequers_ecumenical_altar_simple, kennysheep_decorative_pillar
D:2:      layout_rooms, minmay_misc_feat_rugged, uniq_robin,
          uniq_crazy_yiuf_cottage, uniq_natasha, uniq_sigmund
D:3:      layout_basic
D:4:      minmay_evil_eye, layout_basic, nicolae_ossuary_entry_ruins
D:5:      layout_loops_ring, minmay_temple_entry_statues_fountains,
          serial_glass, glass_columns_a, glass_columns_a, glass_columns_a,
          glass_columns_b, glass_columns_a, glass_columns_b, item_on_display_a,
          minmay_strange_pillars, grunt_ministairs_2, uniq_grinder
D:6:      minmay_chambers_of_fours, layout_rooms, portal_sewer_entry_d,
          st_stairs_4, roderic_serpentine_path, nicolae_water_bricks,
          small_statue_intersection, uniq_blork_the_orc, uniq_eustachio,
          uniq_edmund
D:7:      layout_basic, st_stairs_8
D:8:      layout_basic, mainiacjoe_overflow_boulevard, minmay_misc_feat_rows,
          fungi_pond_lemuel, uniq_psyche
D:9:      layout_stronghold, lair_entry_dummy, uniq_maggie
D:10:     layout_irregular_city
D:11:     layout_roguey, orc_0_dummy, uniq_josephine, uniq_maurice, uniq_sonja
D:12:     layout_roguey, gauntlet_entry_generic
D:13:     layout_long_grid, david_vaults_3, uniq_rupert
D:14:     layout_basic, minmay_liquid_box
D:15:     hangedman_depths_entry_civil_slaughter, layout_irregular_city,
          hangedman_decor_opposing, uniq_kirke
Lair:1:   layout_misc_corridors, serial_bayou_shore_a,
          infiniplex_staircase_pool_2
Lair:2:   layout_small_grid, guppyfry_snake_entry_garden,
          portal_ice_cave_entry_pillars_2, grunt_forest_small_clearings,
          serial_bayou_crossing, lemuel_fruit_fields, uniq_harold
Lair:3:   layout_roguey, elwin_shoals_entry_stream, lemuel_centaur_altar,
          grunt_megastairs_4
Lair:4:   layout_regular_city
Lair:5:   layout_cave_pods, uniq_nessos
Lair:6:   minmay_lair_end_enchanted_forest, layout_gridlike, slime_altar_1
Snake:1:  layout_rooms, gammafunk_ghost_abyssal_escape
Orc:1:    layout_caves, enter_bailey_8
Orc:2:    st_orc_rangers, layout_caves, nicolae_orc_rockfall

Notes
Turn   | Place    | Note
-------+----------+-------------------------------------------
     0 | D:1      | Reached skill level 10 in Fighting
     0 | D:1      | demibob the Gnoll Wanderer began the quest for the Orb.
     0 | D:1      | demibob set off with the following items: a +2
                  | quarterstaff, a scroll of teleportation {@r2}, a potion of
                  | curing {@q1}, a +0 robe
     0 | D:1      | Reached XP level 1. HP: 29/29 MP: 1/1
   184 | D:1      | Found a faded altar of an unknown god.
   194 | D:1      | Reached XP level 2. HP: 34/36 MP: 2/2
   198 | D:1      | Prayed at the altar of an unknown god.
   198 | D:1      | Became a worshipper of Qazlal Stormbringer
   198 | D:1      | Reached * piety under Qazlal
   545 | D:1      | Reached XP level 3. HP: 42/42 MP: 3/3
   946 | D:1      | Identified a scroll of acquirement
   946 | D:1      | Acquired an amulet of reflection
   994 | D:2      | Reached skill level 1 in Invocations
  1078 | D:2      | Noticed Robin
  1087 | D:2      | Reached ** piety under Qazlal
  1109 | D:2      | Reached skill level 1 in Short Blades
  1109 | D:2      | Reached skill level 1 in Long Blades
  1109 | D:2      | Reached skill level 1 in Axes
  1109 | D:2      | Reached skill level 1 in Maces & Flails
  1109 | D:2      | Reached skill level 1 in Polearms
  1109 | D:2      | Reached skill level 1 in Slings
  1109 | D:2      | Reached skill level 1 in Bows
  1109 | D:2      | Reached skill level 1 in Crossbows
  1109 | D:2      | Reached skill level 1 in Armour
  1109 | D:2      | Reached skill level 1 in Stealth
  1109 | D:2      | Reached skill level 1 in Unarmed Combat
  1109 | D:2      | Reached skill level 1 in Spellcasting
  1109 | D:2      | Reached skill level 1 in Evocations
  1130 | D:1      | Reached XP level 4. HP: 9/48 MP: 5/5
  1386 | D:2      | Killed Robin
  1545 | D:2      | Noticed Natasha
  1553 | D:2      | Killed Natasha
  1554 | D:2      | Reached skill level 1 in Conjurations
  1554 | D:2      | Reached skill level 1 in Hexes
  1554 | D:2      | Reached skill level 1 in Summonings
  1554 | D:2      | Reached skill level 1 in Necromancy
  1554 | D:2      | Reached skill level 1 in Translocations
  1554 | D:2      | Reached skill level 1 in Transmutations
  1554 | D:2      | Reached skill level 1 in Fire Magic
  1554 | D:2      | Reached skill level 1 in Ice Magic
  1554 | D:2      | Reached skill level 1 in Air Magic
  1554 | D:2      | Reached skill level 1 in Earth Magic
  1554 | D:2      | Reached skill level 1 in Poison Magic
  1853 | D:2      | Noticed Sigmund
  1855 | D:2      | Noticed Natasha
  1866 | D:2      | Killed Sigmund
  1867 | D:2      | Reached skill level 3 in Throwing
  1867 | D:2      | Reached skill level 3 in Dodging
  1867 | D:2      | Reached skill level 3 in Shields
  1867 | D:2      | Reached skill level 2 in Invocations
  1867 | D:2      | Reached XP level 5. HP: 42/54 MP: 5/7
  1867 | D:2      | Reached XP level 6. HP: 47/61 MP: 5/8
  1872 | D:2      | Killed Natasha
  1873 | D:2      | Reached skill level 5 in Staves
  1965 | D:2      | Reached skill level 2 in Short Blades
  1965 | D:2      | Reached skill level 2 in Long Blades
  1965 | D:2      | Reached skill level 2 in Axes
  1965 | D:2      | Reached skill level 2 in Maces & Flails
  1965 | D:2      | Reached skill level 2 in Polearms
  1965 | D:2      | Reached skill level 2 in Slings
  1965 | D:2      | Reached skill level 2 in Bows
  1965 | D:2      | Reached skill level 2 in Crossbows
  1965 | D:2      | Reached skill level 2 in Armour
  1965 | D:2      | Reached skill level 2 in Stealth
  1965 | D:2      | Reached skill level 2 in Unarmed Combat
  1965 | D:2      | Reached skill level 2 in Spellcasting
  1965 | D:2      | Reached skill level 2 in Evocations
  2002 | D:2      | Found a runed translucent door.
  2003 | D:2      | Noticed Crazy Yiuf
  2391 | D:3      | Reached XP level 7. HP: 53/67 MP: 10/10
  2839 | D:3      | Learned a level 3 spell: Mephitic Cloud
  2843 | D:3      | Learned a level 3 spell: Ignite Poison
  3278 | D:4      | Reached *** piety under Qazlal
  3461 | D:4      | Reached skill level 2 in Conjurations
  3461 | D:4      | Reached skill level 2 in Hexes
  3461 | D:4      | Reached skill level 2 in Summonings
  3461 | D:4      | Reached skill level 2 in Necromancy
  3461 | D:4      | Reached skill level 2 in Translocations
  3461 | D:4      | Reached skill level 2 in Transmutations
  3461 | D:4      | Reached skill level 2 in Fire Magic
  3461 | D:4      | Reached skill level 2 in Ice Magic
  3461 | D:4      | Reached skill level 2 in Air Magic
  3461 | D:4      | Reached skill level 2 in Earth Magic
  3461 | D:4      | Reached skill level 2 in Poison Magic
  3601 | D:4      | Found a sand-covered staircase.
  3608 | Ossuary  | Entered an ossuary
  3608 | Ossuary  | Noticed a wraith
  3608 | Ossuary  | Noticed a wraith
  3608 | Ossuary  | Noticed a wraith
  3682 | Ossuary  | Reached skill level 3 in Invocations
  3821 | Ossuary  | Noticed a wraith
  3831 | Ossuary  | Killed a wraith
  3832 | Ossuary  | Reached XP level 8. HP: 69/74 MP: 12/12
  3832 | Ossuary  | Identified a potion of resistance
  4206 | D:4      | Reached skill level 3 in Short Blades
  4206 | D:4      | Reached skill level 3 in Long Blades
  4206 | D:4      | Reached skill level 3 in Axes
  4206 | D:4      | Reached skill level 3 in Maces & Flails
  4206 | D:4      | Reached skill level 3 in Polearms
  4206 | D:4      | Reached skill level 3 in Slings
  4206 | D:4      | Reached skill level 3 in Bows
  4206 | D:4      | Reached skill level 3 in Crossbows
  4206 | D:4      | Reached skill level 4 in Throwing
  4206 | D:4      | Reached skill level 3 in Armour
  4206 | D:4      | Reached skill level 4 in Dodging
  4206 | D:4      | Reached skill level 3 in Stealth
  4206 | D:4      | Reached skill level 4 in Shields
  4206 | D:4      | Reached skill level 3 in Unarmed Combat
  4206 | D:4      | Reached skill level 3 in Spellcasting
  4206 | D:4      | Reached skill level 3 in Evocations
  4362 | D:4      | Learned a level 3 spell: Summon Guardian Golem
  4735 | D:5      | Entered Level 5 of the Dungeon
  4907 | D:5      | Reached skill level 11 in Fighting
  5343 | D:5      | Noticed Grinder
  5345 | D:5      | Reached skill level 3 in Conjurations
  5345 | D:5      | Reached skill level 3 in Hexes
  5345 | D:5      | Reached skill level 3 in Summonings
  5345 | D:5      | Reached skill level 3 in Necromancy
  5345 | D:5      | Reached skill level 3 in Translocations
  5345 | D:5      | Reached skill level 3 in Transmutations
  5345 | D:5      | Reached skill level 3 in Fire Magic
  5345 | D:5      | Reached skill level 3 in Ice Magic
  5345 | D:5      | Reached skill level 3 in Air Magic
  5345 | D:5      | Reached skill level 3 in Earth Magic
  5345 | D:5      | Reached skill level 3 in Poison Magic
  5345 | D:5      | Reached skill level 4 in Invocations
  5345 | D:5      | Paralysed by Grinder for 2 turns
  5366 | D:5      | Killed Grinder
  5367 | D:5      | Reached skill level 6 in Staves
  5367 | D:5      | Reached XP level 9. HP: 46/81 MP: 11/14
  5628 | D:5      | Reached skill level 4 in Short Blades
  5628 | D:5      | Reached skill level 4 in Long Blades
  5628 | D:5      | Reached skill level 4 in Axes
  5628 | D:5      | Reached skill level 4 in Maces & Flails
  5628 | D:5      | Reached skill level 4 in Polearms
  5628 | D:5      | Reached skill level 4 in Slings
  5628 | D:5      | Reached skill level 4 in Bows
  5628 | D:5      | Reached skill level 4 in Crossbows
  5628 | D:5      | Reached skill level 4 in Armour
  5628 | D:5      | Reached skill level 4 in Stealth
  5628 | D:5      | Reached skill level 4 in Unarmed Combat
  5628 | D:5      | Reached skill level 4 in Spellcasting
  5628 | D:5      | Reached skill level 4 in Evocations
  5632 | D:5      | Reached **** piety under Qazlal
  5872 | D:5      | Found a staircase to the Ecumenical Temple.
  6207 | D:6      | Found a glowing drain.
  6216 | Sewer    | Entered a sewer
  6451 | Sewer    | Reached skill level 5 in Throwing
  6451 | Sewer    | Reached skill level 5 in Dodging
  6451 | Sewer    | Reached skill level 5 in Shields
  6488 | Sewer    | Reached ***** piety under Qazlal
  6705 | D:6      | Noticed Eustachio
  6719 | D:6      | Killed Eustachio
  6722 | D:6      | Noticed Blork the orc
  6727 | D:6      | Killed Blork the orc
  6741 | D:6      | Reached skill level 5 in Invocations
  7361 | D:6      | Reached skill level 4 in Conjurations
  7361 | D:6      | Reached skill level 4 in Hexes
  7361 | D:6      | Reached skill level 4 in Summonings
  7361 | D:6      | Reached skill level 4 in Necromancy
  7361 | D:6      | Reached skill level 4 in Translocations
  7361 | D:6      | Reached skill level 4 in Transmutations
  7361 | D:6      | Reached skill level 4 in Fire Magic
  7361 | D:6      | Reached skill level 4 in Ice Magic
  7361 | D:6      | Reached skill level 4 in Air Magic
  7361 | D:6      | Reached skill level 4 in Earth Magic
  7361 | D:6      | Reached skill level 4 in Poison Magic
  7361 | D:6      | Reached XP level 10. HP: 72/88 MP: 17/17
  7597 | D:6      | Noticed Edmund
  7605 | D:6      | Killed Edmund
  8066 | D:7      | Reached skill level 5 in Short Blades
  8066 | D:7      | Reached skill level 5 in Long Blades
  8066 | D:7      | Reached skill level 5 in Axes
  8066 | D:7      | Reached skill level 5 in Maces & Flails
  8066 | D:7      | Reached skill level 5 in Polearms
  8066 | D:7      | Reached skill level 5 in Slings
  8066 | D:7      | Reached skill level 5 in Bows
  8066 | D:7      | Reached skill level 5 in Crossbows
  8066 | D:7      | Reached skill level 5 in Armour
  8066 | D:7      | Reached skill level 5 in Stealth
  8066 | D:7      | Reached skill level 5 in Unarmed Combat
  8066 | D:7      | Reached skill level 5 in Spellcasting
  8066 | D:7      | Reached skill level 5 in Evocations
  8956 | D:8      | Reached skill level 7 in Staves
  8958 | D:8      | Noticed Psyche
  8968 | D:8      | Killed Psyche
  9007 | D:8      | Reached skill level 6 in Throwing
  9007 | D:8      | Reached skill level 6 in Dodging
  9007 | D:8      | Reached skill level 6 in Shields
  9168 | D:8      | Found a glowing golden altar of the Shining One.
  9336 | D:8      | Reached skill level 6 in Invocations
 10477 | D:9      | Noticed Maggie
 10491 | D:9      | Killed Maggie
 10647 | D:9      | Reached XP level 11. HP: 92/95 MP: 19/19
 10926 | D:9      | Found a staircase to the Lair.
 11064 | D:9      | Learned a level 5 spell: Freezing Cloud
 11350 | D:9      | Reached skill level 12 in Fighting
 11350 | D:9      | Reached skill level 6 in Short Blades
 11350 | D:9      | Reached skill level 6 in Long Blades
 11350 | D:9      | Reached skill level 6 in Axes
 11350 | D:9      | Reached skill level 6 in Maces & Flails
 11350 | D:9      | Reached skill level 6 in Polearms
 11350 | D:9      | Reached skill level 6 in Slings
 11350 | D:9      | Reached skill level 6 in Bows
 11350 | D:9      | Reached skill level 6 in Crossbows
 11350 | D:9      | Reached skill level 6 in Armour
 11350 | D:9      | Reached skill level 6 in Stealth
 11350 | D:9      | Reached skill level 6 in Unarmed Combat
 11350 | D:9      | Reached skill level 6 in Spellcasting
 11350 | D:9      | Reached skill level 6 in Evocations
 11364 | D:9      | Reached skill level 5 in Conjurations
 11364 | D:9      | Reached skill level 5 in Hexes
 11364 | D:9      | Reached skill level 5 in Summonings
 11364 | D:9      | Reached skill level 5 in Necromancy
 11364 | D:9      | Reached skill level 5 in Translocations
 11364 | D:9      | Reached skill level 5 in Transmutations
 11364 | D:9      | Reached skill level 5 in Fire Magic
 11364 | D:9      | Reached skill level 5 in Ice Magic
 11364 | D:9      | Reached skill level 5 in Air Magic
 11364 | D:9      | Reached skill level 5 in Earth Magic
 11364 | D:9      | Reached skill level 5 in Poison Magic
 11560 | Lair:1   | Entered Level 1 of the Lair of Beasts
 11596 | D:9      | Reached skill level 7 in Invocations
 11748 | Lair:1   | Reached skill level 8 in Staves
 11748 | Lair:1   | Reached skill level 7 in Throwing
 11748 | Lair:1   | Reached skill level 7 in Dodging
 11748 | Lair:1   | Reached skill level 7 in Shields
 12126 | Lair:1   | Reached XP level 12. HP: 98/103 MP: 22/22
 12842 | Lair:2   | Reached skill level 7 in Short Blades
 12842 | Lair:2   | Reached skill level 7 in Long Blades
 12842 | Lair:2   | Reached skill level 7 in Axes
 12842 | Lair:2   | Reached skill level 7 in Maces & Flails
 12842 | Lair:2   | Reached skill level 7 in Polearms
 12842 | Lair:2   | Reached skill level 7 in Slings
 12842 | Lair:2   | Reached skill level 7 in Bows
 12842 | Lair:2   | Reached skill level 7 in Crossbows
 12842 | Lair:2   | Reached skill level 7 in Armour
 12842 | Lair:2   | Reached skill level 7 in Stealth
 12842 | Lair:2   | Reached skill level 7 in Unarmed Combat
 12842 | Lair:2   | Reached skill level 7 in Spellcasting
 12842 | Lair:2   | Reached skill level 7 in Evocations
 12869 | Lair:2   | Learned a level 5 spell: Alistair's Intoxication
 12879 | Lair:2   | Learned a level 3 spell: Swiftness
 13030 | Lair:2   | Found a staircase to the Snake Pit.
 13070 | Lair:2   | Noticed Harold
 13081 | Lair:2   | Killed Harold
 13082 | Lair:2   | Reached skill level 6 in Conjurations
 13082 | Lair:2   | Reached skill level 6 in Hexes
 13082 | Lair:2   | Reached skill level 6 in Summonings
 13082 | Lair:2   | Reached skill level 6 in Necromancy
 13082 | Lair:2   | Reached skill level 6 in Translocations
 13082 | Lair:2   | Reached skill level 6 in Transmutations
 13082 | Lair:2   | Reached skill level 6 in Fire Magic
 13082 | Lair:2   | Reached skill level 6 in Ice Magic
 13082 | Lair:2   | Reached skill level 6 in Air Magic
 13082 | Lair:2   | Reached skill level 6 in Earth Magic
 13082 | Lair:2   | Reached skill level 6 in Poison Magic
 13091 | Lair:2   | Reached ****** piety under Qazlal
 13157 | Lair:2   | Reached skill level 8 in Invocations
 13319 | Lair:2   | Found a frozen archway.
 13376 | Lair:2   | Noticed a five-headed hydra
 13387 | Lair:2   | Killed a five-headed hydra
 14036 | Lair:3   | Reached skill level 8 in Throwing
 14036 | Lair:3   | Reached skill level 8 in Dodging
 14036 | Lair:3   | Reached skill level 8 in Shields
 14128 | Lair:3   | Reached skill level 9 in Staves
 14216 | Lair:3   | Found a staircase to the Shoals.
 14599 | Lair:3   | Found a shadowy altar of Dithmenos.
 14828 | Lair:3   | Reached XP level 13. HP: 97/109 MP: 24/24
 14938 | Lair:3   | Reached skill level 13 in Fighting
 14940 | Lair:3   | Reached skill level 8 in Short Blades
 14940 | Lair:3   | Reached skill level 8 in Long Blades
 14940 | Lair:3   | Reached skill level 8 in Axes
 14940 | Lair:3   | Reached skill level 8 in Maces & Flails
 14940 | Lair:3   | Reached skill level 8 in Polearms
 14940 | Lair:3   | Reached skill level 8 in Slings
 14940 | Lair:3   | Reached skill level 8 in Bows
 14940 | Lair:3   | Reached skill level 8 in Crossbows
 14940 | Lair:3   | Reached skill level 8 in Armour
 14940 | Lair:3   | Reached skill level 8 in Stealth
 14940 | Lair:3   | Reached skill level 8 in Unarmed Combat
 14940 | Lair:3   | Reached skill level 8 in Spellcasting
 14940 | Lair:3   | Reached skill level 8 in Evocations
 14974 | Lair:3   | Identified the +1 robe of Inevitability {rN+}
 16158 | Lair:4   | Reached skill level 9 in Invocations
 16973 | Lair:5   | Reached skill level 7 in Conjurations
 16973 | Lair:5   | Reached skill level 7 in Hexes
 16973 | Lair:5   | Reached skill level 7 in Summonings
 16973 | Lair:5   | Reached skill level 7 in Necromancy
 16973 | Lair:5   | Reached skill level 7 in Translocations
 16973 | Lair:5   | Reached skill level 7 in Transmutations
 16973 | Lair:5   | Reached skill level 7 in Fire Magic
 16973 | Lair:5   | Reached skill level 7 in Ice Magic
 16973 | Lair:5   | Reached skill level 7 in Air Magic
 16973 | Lair:5   | Reached skill level 7 in Earth Magic
 16973 | Lair:5   | Reached skill level 7 in Poison Magic
 17477 | Lair:5   | Reached skill level 9 in Throwing
 17477 | Lair:5   | Reached skill level 9 in Dodging
 17477 | Lair:5   | Reached skill level 9 in Shields
 18305 | Lair:6   | Entered Level 6 of the Lair of Beasts
 19035 | D:10     | Entered Level 10 of the Dungeon
 19065 | D:10     | Reached skill level 10 in Staves
 19068 | D:10     | Reached XP level 14. HP: 102/118 MP: 17/26
 19752 | D:10     | Identified the +0 chain mail of Serendipity {Dex-3 Slay+2
                  | SInv}
 19952 | D:11     | Noticed Sonja
 19965 | D:11     | Killed Sonja
 19967 | D:11     | Noticed Josephine
 19974 | D:11     | Killed Josephine
 19975 | D:11     | Reached skill level 9 in Short Blades
 19975 | D:11     | Reached skill level 9 in Long Blades
 19975 | D:11     | Reached skill level 9 in Axes
 19975 | D:11     | Reached skill level 9 in Maces & Flails
 19975 | D:11     | Reached skill level 9 in Polearms
 19975 | D:11     | Reached skill level 9 in Slings
 19975 | D:11     | Reached skill level 9 in Bows
 19975 | D:11     | Reached skill level 9 in Crossbows
 19975 | D:11     | Reached skill level 9 in Armour
 19975 | D:11     | Reached skill level 9 in Stealth
 19975 | D:11     | Reached skill level 9 in Unarmed Combat
 19975 | D:11     | Reached skill level 9 in Spellcasting
 19975 | D:11     | Reached skill level 9 in Evocations
 19985 | D:11     | Learned a level 4 spell: Airstrike
 20063 | D:11     | Noticed Maurice
 20071 | D:11     | Killed Maurice
 20222 | D:11     | Identified the +0 leather armour "Hommum" {Harm rF+ Will+
                  | Dex-4}
 20470 | D:11     | Found a staircase to the Orcish Mines.
 20669 | Orc:1    | Entered Level 1 of the Orcish Mines
 20980 | Orc:1    | Found a flagged portal.
 21337 | Bailey   | Entered a bailey
 21579 | Bailey   | Reached skill level 10 in Invocations
 21596 | Bailey   | Identified the +0 robe of the Lotus Blossom {Rampage rN+
                  | Int-4}
 21599 | Bailey   | Found the +10 Black Knight's barding {ponderous, rPois rN+}
 21602 | Bailey   | Found a bloodstained altar of Trog.
 21790 | Orc:1    | Upgraded the game from 0.28-a0-664-gc179e30c89 to
                  | 0.28-a0-674-gdaf460b524
 22037 | Orc:2    | Entered Level 2 of the Orcish Mines
 22037 | Orc:2    | Found a staircase to the Elven Halls.
 23850 | Orc:2    | Found Nubonn's Weapon Shop.
 23850 | Orc:2    | Found Favve's Magic Scroll Emporium.
 23852 | Orc:2    | Found Umal Wos's Armour Shoppe.
 23854 | Orc:2    | Found Duvvisis's Antique Weapon Boutique.
 24619 | D:12     | Found a gate leading to a gauntlet.
 24634 | Gauntlet | Entered a Gauntlet
 24634 | Gauntlet | Found a transporter.
 24811 | Gauntlet | Found a transporter.
 24820 | Gauntlet | Found a transporter.
 24825 | Gauntlet | Found a transporter.
 24844 | Gauntlet | Found a transporter.
 24859 | Gauntlet | Found a transporter.
 24867 | Gauntlet | Found a large runed translucent door.
 24868 | Gauntlet | Found a large runed translucent door.
 24869 | Gauntlet | Found a large runed translucent door.
 24869 | Gauntlet | Found a large runed translucent door.
 24870 | Gauntlet | Found a runed translucent gate.
 24871 | Gauntlet | Found a transporter.
 24871 | Gauntlet | Found a runed translucent gate.
 24872 | Gauntlet | Found a runed translucent gate.
 24873 | Gauntlet | Found a large runed translucent door.
 24873 | Gauntlet | Found a large runed translucent door.
 24874 | Gauntlet | Found a large runed translucent door.
 24875 | Gauntlet | Found a large runed translucent door.
 24883 | Gauntlet | Found a transporter.
 24895 | Gauntlet | Found a transporter.
 24907 | Gauntlet | Found a transporter.
 24924 | Gauntlet | Found a transporter.
 24942 | Gauntlet | Found a transporter.
 24944 | Gauntlet | Found a transporter.
 24970 | Gauntlet | Found a transporter.
 24972 | Gauntlet | Found a transporter.
 24992 | Gauntlet | Found a transporter.
 25066 | Gauntlet | Found a large runed translucent door.
 25066 | Gauntlet | Found a large runed translucent door.
 25066 | Gauntlet | Found a runed translucent door.
 25066 | Gauntlet | Found a runed translucent door.
 25067 | Gauntlet | Found a large runed translucent door.
 25068 | Gauntlet | Found a large runed translucent door.
 25070 | Gauntlet | Found a transporter.
 25159 | Gauntlet | Found a transporter.
 25161 | Gauntlet | Found a large runed translucent door.
 25162 | Gauntlet | Found a large runed translucent door.
 25273 | Gauntlet | Identified the +1 pair of boots "Tueplo" {rC- Will+ Int+8}
 25311 | Gauntlet | Found a large runed translucent door.
 25311 | Gauntlet | Found a large runed translucent door.
 26258 | D:13     | Noticed Nessos
 26258 | D:13     | Noticed Urug
 26258 | D:13     | Found a gate to the Vaults.
 26265 | D:13     | Killed Nessos
 26266 | D:13     | Reached skill level 8 in Conjurations
 26266 | D:13     | Reached skill level 8 in Hexes
 26266 | D:13     | Reached skill level 8 in Summonings
 26266 | D:13     | Reached skill level 8 in Necromancy
 26266 | D:13     | Reached skill level 8 in Translocations
 26266 | D:13     | Reached skill level 8 in Transmutations
 26266 | D:13     | Reached skill level 8 in Fire Magic
 26266 | D:13     | Reached skill level 8 in Ice Magic
 26266 | D:13     | Reached skill level 8 in Air Magic
 26266 | D:13     | Reached skill level 8 in Earth Magic
 26266 | D:13     | Reached skill level 8 in Poison Magic
 26267 | D:13     | Reached skill level 10 in Throwing
 26267 | D:13     | Reached skill level 10 in Dodging
 26267 | D:13     | Reached skill level 10 in Shields
 26274 | D:12     | Killed Urug
 26599 | D:13     | Reached skill level 14 in Fighting
 26607 | D:13     | Noticed Rupert
 26611 | D:13     | Paralysed by Rupert for 6 turns
 26625 | D:13     | Killed Rupert
 26626 | D:13     | Reached XP level 15. HP: 59/126 MP: 23/28
 27049 | D:13     | Identified the +0 leather armour of the Jabberwock {Harm
                  | *Corrode Stlth+}
 27954 | D:14     | Identified the +0 robe of the Crypt {+Inv Int+2 Slay+2}
 28252 | D:14     | Reached skill level 11 in Staves
 28253 | D:14     | Reached skill level 10 in Short Blades
 28253 | D:14     | Reached skill level 10 in Long Blades
 28253 | D:14     | Reached skill level 10 in Axes
 28253 | D:14     | Reached skill level 10 in Maces & Flails
 28253 | D:14     | Reached skill level 10 in Polearms
 28253 | D:14     | Reached skill level 10 in Slings
 28253 | D:14     | Reached skill level 10 in Bows
 28253 | D:14     | Reached skill level 10 in Crossbows
 28253 | D:14     | Reached skill level 10 in Armour
 28253 | D:14     | Reached skill level 10 in Stealth
 28253 | D:14     | Reached skill level 10 in Unarmed Combat
 28253 | D:14     | Reached skill level 10 in Spellcasting
 28253 | D:14     | Reached skill level 10 in Evocations
 28892 | D:15     | Entered Level 15 of the Dungeon
 29821 | Snake:1  | Entered Level 1 of the Snake Pit
 29828 | Snake:1  | HP: 8/126 [salamander (18)]
 29828 | Snake:1  | Mangled by a salamander

Vanquished Creatures
  Rupert (D:13)
  Nessos (D:13)
  A minotaur (Gauntlet)
  Josephine (D:11)
  Harold (Lair:2)
  6 hydras
  4 boulder beetles
  4 centaur warriors
  2 two-headed ogres
  A death yak (Lair:5)
  Urug (D:12)
  A tengu warrior (D:13)
  Sonja (D:11)
  A soul eater (Gauntlet)
  A deep troll (D:15)
  A lindwurm (Lair:4)
  A deep elf pyromancer (D:11)
  3 orc knights
  3 manticores
  3 cyclopes
  An ugly thing (D:13)
  2 elephants
  2 black mambas (Snake:1)
  Maurice (D:11)
  A torpor snail (Lair:3)
  A merfolk siren (Lair:3)
  Maggie (D:9)
  15 cane toads
  Psyche (D:8)
  11 komodo dragons
  2 rime drakes
  2 efreet
  2 tengu conjurers
  5 trolls
  2 polar bears
  3 merfolk (Lair:3)
  3 meliai (D:13)
  10 slime creatures
  12 blink frogs
  7 dream sheep (Lair:4)
  5 small abominations (Gauntlet)
  Sigmund (D:2)
  3 shadows
  2 wyverns (Lair:4)
  3 water elementals (D:14)
  73 yaks
  2 fire elementals (Gauntlet)
  A basilisk (Lair:4)
  6 wraiths
  Eustachio (D:6)
  16 humans (D:13)
  6 vampire mosquitoes
  Edmund (D:6)
  3 wargs
  2 acid dragons
  2 nagas
  A hell hound (Gauntlet)
  10 water moccasins
  35 orc warriors
  An ice beast (D:5)
  A necrophage (D:6)
  8 ogres
  2 black bears
  2 sky beasts (D:6)
  5 boggarts (D:15)
  10 wolves
  22 centaurs
  A phantom (D:6)
  Blork the orc (D:6)
  A kobold brigand (D:10)
  14 bullfrogs
  An elf zombie (Ossuary)
  5 scorpions
  A water moccasin zombie (D:5)
  A gnoll sergeant (D:8)
  A wyvern zombie (D:8)
  10 killer bees (D:9)
  2 wights (D:8)
  2 howler monkeys (D:8)
  2 electric eels (D:14)
  6 centaur zombies
  2 hounds
  A jelly (D:6)
  2 bullfrog zombies (D:6)
  3 centaur skeletons
  14 orc priests
  13 orc wizards
  Natasha (twice) (D:2)
  4 iguanas
  A hell rat (Lair:6)
  3 mummies (Ossuary)
  A hound skeleton (D:4)
  Robin (D:2)
  6 gnolls
  9 adders
  2 shadow imps (Gauntlet)
  An ufetubus (D:4)
  4 dart slugs
  52 orcs
  19 ball pythons
  14 endoplasms
  13 giant cockroaches
  A gnoll zombie (Ossuary)
  10 goblins
  10 hobgoblins
  2 jackals (D:2)
  21 kobolds
  16 quokkas
  11 bats
  15 frilled lizards
  2 hobgoblin zombies (Ossuary)
  A kobold zombie (Ossuary)
  An orc zombie (Ossuary)
  A quokka skeleton (D:4)
  10 rats
  2 butterflies (Lair:2)
664 creatures vanquished.

Vanquished Creatures (others)
  Grinder (D:5)
  A blink frog (Lair:1)
  2 wights (D:8)
  2 orc wizards (D:8)
  2 gnolls (D:8)
  An orc (D:8)
  A bush (Lair:3)
  14 demonic plants (Gauntlet)
  19 fungi
  31 plants
74 creatures vanquished.

Grand Total: 738 creatures vanquished

Table legend: (Time is in decaauts)
 A = Elapsed time spent in this place.
 B = Non-inter-level travel time spent in this place.
 C = Inter-level travel time spent in this place.
 D = Time resting spent in this place.
 E = Time spent auto-exploring this place.
 F = Levels seen in this place.
 G = Mean time per level.
                   A        B        C        D        E       F      G
               +--------+--------+--------+--------+--------+-----+--------+
         Total |  30006 |  28673 |   1333 |   7666 |  16234 |  28 | 1071.6 |
       Dungeon |  16781 |  15992 |    789 |   4218 |   9186 |  15 | 1118.7 |
          Lair |   7384 |   7012 |    372 |   1708 |   4433 |   6 | 1230.7 |
     Snake Pit |      6 |      6 |      0 |      0 |      0 |   1 |    6.0 |
  Orcish Mines |   3144 |   2973 |    171 |   1038 |   1450 |   2 | 1572.0 |
         Sewer |    488 |    488 |      0 |      0 |    251 |   1 |  488.0 |
       Ossuary |    590 |    590 |      0 |     78 |    379 |   1 |  590.0 |
        Bailey |    452 |    452 |      0 |    193 |    151 |   1 |  452.0 |
      Gauntlet |   1158 |   1158 |      0 |    431 |    383 |   1 | 1158.0 |
               +--------+--------+--------+--------+--------+-----+--------+

Top non-repeatable levels by time:
  Lair:5: 1917 daAuts
     D:9: 1705 daAuts
    D:13: 1641 daAuts
   Orc:2: 1597 daAuts
   Orc:1: 1547 daAuts
     D:6: 1531 daAuts
  Lair:4: 1507 daAuts
  Lair:3: 1500 daAuts
     D:5: 1368 daAuts
     D:8: 1305 daAuts
     D:1: 1239 daAuts
  Lair:2: 1210 daAuts
  Lair:1: 1209 daAuts
Gauntlet: 1158 daAuts
    D:14: 1096 daAuts

Table legend:
 A = Non-vault XP
 B = Vault XP
 C = Vault XP percentage of total XP
 D = Non-vault monster count
 E = Vault monster count
 F = Vault count percentage of total count
                 A         B        C        D         E       F
            +---------+---------+-------+---------+---------+-------
      Total |   75040 |   28035 |  27.2 |     466 |     205 |  30.6
            +---------+---------+-------+---------+---------+-------
        D:1 |      55 |       0 |   0.0 |      25 |       0 |   0.0
        D:2 |      96 |     291 |  75.2 |      27 |      13 |  32.5
        D:3 |     243 |       0 |   0.0 |      19 |       0 |   0.0
        D:4 |     441 |      36 |   7.5 |      23 |       2 |   8.0
        D:5 |    1093 |     347 |  24.1 |      19 |       6 |  24.0
        D:6 |     945 |     958 |  50.3 |      12 |      12 |  50.0
        D:7 |     659 |       3 |   0.5 |      11 |       1 |   8.3
        D:8 |    1783 |     371 |  17.2 |      34 |       1 |   2.9
        D:9 |    2993 |     395 |  11.7 |      31 |       1 |   3.1
       D:10 |    3916 |       0 |   0.0 |      17 |       0 |   0.0
       D:11 |    2084 |    2757 |  57.0 |       6 |       6 |  50.0
       D:12 |    2475 |    1655 |  40.1 |      16 |       2 |  11.1
       D:13 |    6636 |    6747 |  50.4 |      14 |      19 |  57.6
       D:14 |    5892 |       0 |   0.0 |      18 |       0 |   0.0
       D:15 |    2537 |    1080 |  29.9 |       8 |       2 |  20.0
     Lair:1 |    7194 |       0 |   0.0 |      32 |       0 |   0.0
     Lair:2 |    5450 |    1021 |  15.8 |      23 |       2 |   8.0
     Lair:3 |    7450 |    2116 |  22.1 |      38 |       9 |  19.1
     Lair:4 |    7918 |       0 |   0.0 |      26 |       0 |   0.0
     Lair:5 |    7850 |       0 |   0.0 |      20 |       0 |   0.0
     Lair:6 |    3052 |       0 |   0.0 |       9 |       0 |   0.0
    Snake:1 |    1043 |       0 |   0.0 |       3 |       0 |   0.0
      Orc:1 |    1746 |       0 |   0.0 |      26 |       0 |   0.0
      Orc:2 |    1489 |    5339 |  78.2 |       9 |      40 |  81.6
      Sewer |       0 |     284 | 100.0 |       0 |      50 | 100.0
    Ossuary |       0 |     349 | 100.0 |       0 |      10 | 100.0
     Bailey |       0 |     991 | 100.0 |       0 |      16 | 100.0
   Gauntlet |       0 |    3295 | 100.0 |       0 |      13 | 100.0
            +---------+---------+-------+---------+---------+-------
